 Dungeon Crawl Stone Soup version 0.17-a0-702-gb3a3556 (webtiles) character file.

3548 oplop the Blocker (level 10, -1/63 HPs)
             Began as a Gargoyle Fighter on Apr 19, 2015.
             Splashed by a jelly's acid (12 damage)
             ... on level 8 of the Dungeon.
             The game lasted 00:21:01 (7351 turns).

oplop the Blocker (Gargoyle Fighter)                Turns: 7351, Time: 00:21:02

Health: -1/63      AC: -7    Str: 20    XL:     10   Next: 9%
Magic:  9/9        EV:  6    Int:  9    God:
Gold:   405        SH: 11    Dex: 12    Spells: 0 memorised, 9 levels left

rFire  . . .     SeeInvis .     J - +2 flail (curse)
rCold  . . .     Clarity  +     b - +0 scale mail
rNeg   + + .     SustAb   +     c - +0 shield
rPois  ∞         Gourm    .     (no helmet)
rElec  +         Spirit   .     (no cloak)
rCorr  .         Warding  .     (no gloves)
rMut   .         Stasis   .     H - +2 pair of boots
MR     .....                    A - amulet of clarity
Stlth  ..........               s - ring of sustain abilities
                                z - ring of positive energy

@: corroded equipment, not resistant to hostile enchantments, extremely
unstealthy
A: low mp 1, negative energy resistance 1, electricity resistance, unbreathing,
petrification resistance, rot immunity, AC +7
a: no special abilities


You were on level 8 of the Dungeon.
You were very hungry.

You visited 1 branch of the dungeon, and saw 8 of its levels.
You also visited: Sewer.

You collected 405 gold pieces.

Inventory:

Hand weapons
 J - a cursed +2 flail (weapon)
Armour
 b - a +0 scale mail (worn)
 c - a +0 shield (worn)
 H - a +2 pair of boots (worn)
Jewellery
 s - a ring of sustain abilities (right hand)
 z - a ring of positive energy (left hand)
 A - an amulet of clarity (around neck)
Magical devices
 k - a wand of frost (11)
 t - a wand of heal wounds (5)
 u - a wand of lightning (0)
 D - a wand of lightning (6)
Scrolls
 a - a scroll of immolation {unknown}
 f - 10 scrolls of identify
 g - 5 scrolls of remove curse
 p - 3 scrolls of amnesia
 q - 2 scrolls of recharging
 r - 3 scrolls of fear
 w - 3 scrolls of teleportation
 y - 2 scrolls of magic mapping {unknown}
 I - a scroll of holy word {unknown}
Potions
 e - 4 potions of might
 j - a potion of lignification
 l - 7 potions of curing
 n - a potion of agility
 o - 2 potions of resistance
 v - a potion of cancellation {unknown}
 x - a potion of heal wounds {unknown}
 C - a potion of haste {unknown}
 E - 2 potions of berserk rage {unknown}
 F - a potion of magic {unknown}
Books
 B - a book of Maledictions

   Spells                             Type                      Level
   a - Corona                         Hexes                        1
   b - Ensorcelled Hibernation        Hexes/Ice                    2
   c - Confuse                        Hexes                        3
   d - Tukima's Dance                 Hexes                        3
   e - Dazzling Spray                 Conjuration/Hexes            3
Comestibles
 d - 4 bread rations
 h - 4 meat rations
 m - 3 slices of pizza
 G - a royal jelly


   Skills:
 + Level 7.0 Fighting
 + Level 7.5 Maces & Flails
 - Level 3.2 Armour
 + Level 5.3 Dodging
 + Level 1.3 Stealth
 + Level 9.5 Shields
 + Level 1.1 Evocations


You had 9 spell levels left.
You didn't know any spells.

Dungeon Overview and Level Annotations

Branches:
Dungeon (8/15)             Temple (0/1) D:6
   Lair: D:8-11

Altars:
Cheibriados
Dithmenos
Elyvilon
Fedhas
Nemelex Xobeh
Trog

Shops:
D:6 :


Innate Abilities, Weirdness & Mutations

You are resistant to torment.
Your stone body is resilient (AC +7).
You are immune to poison.
You resist negative energy.
You are resistant to electric shocks.
You can survive without breathing.
You are immune to petrification.
You are immune to rotting.
Your magical capacity is low (-10% MP).


Message History

You completely miss the jelly.
The jelly is heavily wounded.
The jelly hits you.
You are splashed with acid!
The acid corrodes your equipment!
The acid burns!
You completely miss the jelly.
The jelly is heavily wounded.
The jelly misses you.
You hit the jelly.
The jelly is severely wounded.
The jelly hits you.
You are splashed with acid!
The acid burns!
* * * LOW HITPOINT WARNING * * *
You are too injured to fight recklessly!
You are feeling very hungry.
The ooze jiggles.
The ooze jiggles.
There is an escape hatch in the ceiling here.
The jelly hits you.
* * * LOW HITPOINT WARNING * * *
You are splashed with acid!
The acid corrodes your equipment!
The acid burns!
You die...

#..................#.....####..
#..........#.............# #..
#.#..........#...........####..
#.###..###..##....##...........
###.####......##...........####..
.##.##...........##.######## #..
.......####....#.##..# ###
....###.....##....##.#
.#..#...######.#@.##.#####
.#....### #.#.J.#.....# ....###
#.#.#J##....# ###.#
#......##...## #.# ###...J#.....#
###.## ##.....J...####### #....#
#.......JJ..J.... #....#
#....#...######## #....#
##..##...#


You could see a jelly and 2 oozes.

Vanquished Creatures
  A hill giant (D:7)
  A slime creature (D:8)
  A wyvern (D:8)
  An ice beast (D:6)
  An orc warrior (D:8)
  A phantom (D:8)
  A sky beast (D:7)
  A wasp (D:8)
  2 centaurs
  An ogre (D:7)
  A wyvern zombie (D:7)
  7 giant frogs
  8 killer bees
  A crimson imp (D:8)
  3 wights
  A centaur skeleton (D:8)
  5 orc priests
  3 iguanas
  5 orc wizards
  2 jellies (D:8)
  4 hounds
  5 worker ants
  11 adders
  2 shadow imps
  3 oozes (D:8)
  3 worms
  23 orcs
  5 ball pythons
  9 bats
  A bat skeleton (D:6)
  2 bat zombies
  5 giant cockroaches
  13 hobgoblins
  12 jackals
  4 quokkas
  7 giant geckos
  2 giant gecko zombies
  9 giant newts
  14 goblins
  17 kobolds
  18 rats
  A plant (Sewer)
217 creatures vanquished.

Vanquished Creatures (others)
  3 jackals (D:6)
  4 fungi (D:8)
7 creatures vanquished.

Grand Total: 224 creatures vanquished

Notes
Turn   | Place    | Note
--------------------------------------------------------------
     0 | D:1      | oplop, the Gargoyle Fighter, began the quest for the Orb.
     0 | D:1      | Reached XP level 1. HP: 14/14 MP: 1/1
   439 | D:1      | Reached XP level 2. HP: 19/19 MP: 2/2
   759 | D:2      | Reached XP level 3. HP: 21/23 MP: 3/3
  1429 | D:2      | Reached skill level 4 in Shields
  1432 | D:2      | Reached skill level 1 in Dodging
  1474 | D:3      | Found a sparkling altar of Nemelex Xobeh.
  1521 | D:3      | Reached XP level 4. HP: 27/29 MP: 4/4
  1573 | D:3      | Found a blossoming altar of Fedhas.
  1616 | D:3      | Found a bloodstained altar of Trog.
  1885 | D:3      | Reached XP level 5. HP: 21/33 MP: 5/5
  2428 | D:4      | Reached XP level 6. HP: 23/38 MP: 6/6
  2784 | D:5      | Entered Level 5 of the Dungeon
  2934 | D:5      | Reached skill level 5 in Shields
  3308 | D:5      | Reached XP level 7. HP: 11/44 MP: 7/7
  3788 | D:6      | Found a staircase to the Ecumenical Temple.
  3848 | D:6      | Found Poaddets's Book Emporium.
  3943 | D:6      | Found a white marble altar of Elyvilon.
  4098 | D:6      | Found a glowing drain.
  4119 | Sewer    | Entered a sewer
  5033 | D:6      | Reached skill level 6 in Shields
  5078 | D:6      | Reached skill level 5 in Fighting
  5078 | D:6      | Reached skill level 5 in Maces & Flails
  5078 | D:6      | Reached XP level 8. HP: 41/49 MP: 8/8
  5136 | D:6      | Found a shadowy altar of Dithmenos.
  5611 | D:6      | Reached skill level 1 in Stealth
  5948 | D:7      | Reached skill level 7 in Shields
  5990 | D:7      | Gained mutation: Your magical capacity is low (-10% MP). [mutagenic meat]
  6043 | D:7      | Reached XP level 9. HP: 37/55 MP: 8/8
  6350 | D:7      | Noticed a hill giant
  6468 | D:7      | Found a snail-covered altar of Cheibriados.
  6646 | D:7      | Killed a hill giant
  6646 | D:7      | Reached skill level 8 in Shields
  6646 | D:7      | Reached skill level 1 in Evocations
  6790 | D:8      | Reached skill level 5 in Dodging
  6830 | D:8      | Reached skill level 9 in Shields
  7053 | D:8      | Reached XP level 10. HP: 55/61 MP: 9/9
  7351 | D:8      | Splashed by a jelly's acid

Action                   |  1- 3 |  4- 6 |  7- 9 | 10-12 || total
-------------------------+-------+-------+-------+-------++-------
Melee: Flail             |   138 |   235 |   638 |    55 ||  1066
Evoke: Wand              |       |     2 |     8 |       ||    10
  Use: Scroll            |       |    10 |     3 |       ||    13
  Eat: Chunk             |     2 |     6 |    12 |       ||    20
       Pizza             |       |       |     1 |       ||     1
       Beef jerky        |       |       |     1 |       ||     1
